 Dungeon Crawl Stone Soup version 0.22.1-1-ga44c0e5 (webtiles) character file.

3082 stormannn the Thaumaturge (level 9, -7/53 HPs)
             Began as an Octopode Fire Elementalist on Oct 29, 2018.
             Was a Priest of Vehumet.
             Mangled by an ogre
             ... wielding a +0 giant club
              (28 damage)
             ... on level 7 of the Dungeon.
             The game lasted 00:26:11 (9050 turns).

stormannn the Thaumaturge (OpFE)                    Turns: 9050, Time: 00:26:11

Health: -7/53      AC:  1    Str:  7    XL:     9   Next: 89%
Magic:  8/21       EV: 16    Int: 20    God:    Vehumet [***...]
Gold:   285        SH:  0    Dex: 13    Spells: 8/24 levels left

rFire    . . .     SeeInvis .   m - +5 quarterstaff (chaos)
rCold    . . .     Gourm    .   (shield currently unavailable)
rNeg     + . .     Faith    .   (helmet restricted)
rPois    .         Spirit   .   k - amulet of regeneration
rElec    .         Reflect  .   p - ring of positive energy
rCorr    .         Harm     .   (no ring)
MR       .....                  (no ring)
Stlth    +++.......             (no ring)
HPRegen  0.57/turn              (no ring)
MPRegen  0.17/turn              (no ring)
                                (no ring)
                                (no ring)

@: no status effects
A: almost no armour, stealthy swim, amphibious, 8 rings, constrict 8, camouflage
1, gelatinous body 1
a: Renounce Religion


You were on level 7 of the Dungeon.
You worshipped Vehumet.
Vehumet was most pleased with you.
You were not hungry.

You visited 1 branch of the dungeon, and saw 8 of its levels.

You collected 285 gold pieces.

Inventory:

Hand Weapons
 m - a +5 quarterstaff of chaos (weapon)
Jewellery
 k - an amulet of regeneration (around mantle)
 p - a ring of positive energy (left tentacle)
Wands
 g - a wand of random effects (50)
 r - a wand of enslavement (11)
 t - a wand of polymorph (13)
 u - a wand of acid (8)
Scrolls
 a - 2 scrolls of fear
 c - 3 scrolls of enchant weapon
 e - 10 scrolls of identify {unknown}
 f - 5 scrolls of teleportation
 h - 5 scrolls of remove curse {unknown}
 l - 3 scrolls of amnesia {unknown}
 q - a scroll of immolation {unknown}
 s - a scroll of magic mapping {unknown}
Potions
 j - 2 potions of lignification
 n - 3 potions of agility
Comestibles
 b - 14 rations


   Skills:
 - Level 1.0 Fighting
 + Level 5.3 Dodging
 - Level 2.6 Stealth
 - Level 1.3 Unarmed Combat
 - Level 8.0 Spellcasting
 - Level 4.1 Conjurations
 - Level 6.0 Fire Magic
 - Level 4.0 Ice Magic
 - Level 4.0 Air Magic


You had 8 spell levels left.
You knew the following spells:

 Your Spells              Type           Power        Failure   Level  Hunger
a - Flame Tongue          Conj/Fire      ####.        1%          1    None
b - Shock                 Conj/Air       ###.         1%          1    None
c - Throw Flame           Conj/Fire      ####..       1%          2    None
d - Fireball              Conj/Fire      ####......   9%          5    #####..
e - Throw Icicle          Conj/Ice       ###.....     4%          4    ###....
f - Mephitic Cloud        Conj/Pois/Air  ###.....     2%          3    None

Your spell library contained the following spells:

 Spells                   Type           Power        Failure   Level  Hunger
 Freeze                   Ice            ###.         1%          1    None
 Throw Frost              Conj/Ice       ###...       1%          2    None
 Conjure Flame            Conj/Fire      ####....     1%          3    None
 Sandblast                Erth           #.....       2%          1    None
 Inner Flame              Hex/Fire       ###.....     2%          3    None
 Stone Arrow              Conj/Erth      ###...       3%          3    None
 Sticky Flame             Conj/Fire      ####....     3%          4    ###....
 Ozocubu's Armour         Chrm/Ice       ###.....     11%         3    None
 Passwall                 Tmut/Erth      #.......     13%         2    None
 Summon Ice Beast         Ice/Summ       ###.....     36%         4    ###....
 Lee's Rapid Deconstruct  Erth           #.........   50%         5    #####..
 Petrify                  Tmut/Erth      #.......     63%         4    ###....


Dungeon Overview and Level Annotations

Branches:
Dungeon (8/15)             Temple (0/1) D:6
   Lair: D:8-11

Altars:
Makhleb
Nemelex Xobeh
Qazlal
Vehumet
Wu Jian
Yredelemnul
Zin

Shops:
D:4 ?   D:6 *

Annotations:
D:8 Joseph


Innate Abilities, Weirdness & Mutations

You cannot wear most types of armour.
You are very stealthy in the water. (Stealth+)
You are amphibious.
You can wear up to eight rings at the same time.
You can use your tentacles to constrict eight enemies at once.
Your skin changes colour to match your surroundings (Stealth+).
Your rubbery body absorbs attacks. (AC +1, EV +1)


Message History

The orc is severely wounded.
The ogre hits you with a giant club.
Casting: Flame Tongue (safe; 1% risk of failure)
Confirm with . or Enter, or press ? or * to list all spells.
Aiming: Flame Tongue (safe; 1% risk of failure)
Press: ? - help, Shift-Dir - straight line, f/p - ogre
Aim: an ogre, wielding a giant club (heavily wounded)
The flame tongue hits the ogre.
The ogre is severely wounded.
The ogre misses you.
Casting: Flame Tongue (safe; 1% risk of failure)
Confirm with . or Enter, or press ? or * to list all spells.
Aiming: Flame Tongue (safe; 1% risk of failure)
Press: ? - help, Shift-Dir - straight line, f/p - ogre
Aim: an ogre, wielding a giant club (severely wounded)
The flame tongue hits the ogre.
The ogre is severely wounded.
The ogre hits you with a giant club!!
Ouch! That really hurt!
You die...

# ##...##... # #........# ##
###.....## .# ###### ##..#### .##
##....### ####..# # ..# #.......#
#####.....#### #.##
##.......#####......##..##.
#..####.......###....#######....<
##............oO@##### ##.....
#............#### #......
##...........# #....##
##..........## ##....##
##..#.....>.## #....###
#..##.......# ##...##
..######...## #....# .## #####
#...## .# ##...#


You could see an ogre and an orc.

Vanquished Creatures
  Grinder (D:3)
  A hippogriff (D:7)
  A hungry ghost (D:7)
  An orc warrior (D:7)
  2 sky beasts
  3 ice beasts
  A black bear (D:6)
  A hornet zombie (D:8)
  2 phantoms
  2 ogres
  A centaur (D:4)
  A bullfrog (D:6)
  A scorpion (D:6)
  An electric eel (D:6)
  4 howler monkeys
  5 crimson imps
  3 hounds
  6 orc priests
  Crazy Yiuf (D:3)
  An iguana (D:8)
  2 centaur skeletons (D:8)
  Terence (D:2)
  Natasha (thrice) (D:3)
  5 orc wizards
  2 worker ants
  A killer bee zombie (D:8)
  2 hound skeletons
  Robin (D:3)
  2 worker ant zombies
  3 gnolls (D:3)
  7 adders
  A shadow imp (D:5)
  An adder zombie (D:7)
  6 worms
  2 dart slugs
  A leopard gecko (D:3)
  23 orcs
  7 giant cockroaches
  11 hobgoblins
  3 jackals (D:5)
  A quokka (D:8)
  3 ball pythons
  8 bats
  8 frilled lizards
  A giant cockroach zombie (D:5)
  13 goblins
  A jackal skeleton (D:5)
  4 kobolds
  A leopard gecko skeleton (D:7)
  7 rats
  A spectral orc (D:7)
171 creatures vanquished.

Notes
Turn   | Place    | Note
-------+----------+-------------------------------------------
     0 | D:1      | stormannn the Octopode Fire Elementalist began the quest
                  | for the Orb.
     0 | D:1      | Reached XP level 1. HP: 11/11 MP: 3/3
   170 | D:1      | Reached XP level 2. HP: 17/17 MP: 1/5
  1031 | D:2      | Reached XP level 3. HP: 19/21 MP: 2/6
  1242 | D:2      | Found a stormy altar of Qazlal.
  1826 | D:2      | Reached XP level 4. HP: 27/27 MP: 3/8
  1993 | D:2      | Noticed Terence
  2008 | D:2      | Killed Terence
  2008 | D:2      | Reached skill level 3 in Spellcasting
  2532 | D:2      | Found a radiant altar of Vehumet.
  2542 | D:2      | Became a worshipper of Vehumet
  2920 | D:3      | Reached XP level 5. HP: 31/31 MP: 7/9
  2970 | D:3      | Found a glowing silver altar of Zin.
  3142 | D:3      | Noticed Natasha
  3159 | D:3      | HP: 1/31 [Natasha/magic dart (8)]
  3182 | D:3      | Killed Natasha
  3547 | D:3      | Noticed Grinder
  3551 | D:3      | Paralysed by Grinder for 3 turns
  3569 | D:3      | Killed Grinder
  3569 | D:3      | Reached skill level 1 in Unarmed Combat
  3569 | D:3      | Reached skill level 4 in Spellcasting
  3569 | D:3      | Reached XP level 6. HP: 15/37 MP: 0/12
  3753 | D:3      | Noticed Natasha
  3789 | D:3      | Killed Natasha
  3808 | D:3      | Noticed Natasha
  4212 | D:4      | Reached skill level 1 in Fighting
  4212 | D:4      | Reached XP level 7. HP: 43/43 MP: 11/13
  4275 | D:4      | Reached * piety under Vehumet
  4275 | D:4      | Offered knowledge of Shock by Vehumet.
  4278 | D:4      | Learned a level 1 spell: Shock
  4291 | D:4      | Found Diuxi's Magic Scroll Shoppe.
  4652 | D:3      | Killed Natasha
  4885 | D:3      | Noticed Robin
  4890 | D:3      | Reached skill level 5 in Spellcasting
  4905 | D:3      | Killed Robin
  5092 | D:3      | Found a runed door.
  5096 | D:3      | Noticed Crazy Yiuf
  5099 | D:3      | Killed Crazy Yiuf
  5099 | D:3      | Reached skill level 1 in Air Magic
  5359 | D:4      | Offered knowledge of Magic Dart by Vehumet.
  5599 | D:5      | Entered Level 5 of the Dungeon
  5606 | D:5      | Reached ** piety under Vehumet
  5664 | D:5      | Reached skill level 5 in Fire Magic
  5834 | D:5      | Reached XP level 8. HP: 48/48 MP: 11/16
  5874 | D:5      | Found an ornate altar of the Wu Jian Council.
  6518 | D:6      | Learned a level 2 spell: Throw Flame
  6524 | D:6      | Learned a level 5 spell: Fireball
  6529 | D:6      | Learned a level 4 spell: Throw Icicle
  6591 | D:6      | Reached skill level 6 in Spellcasting
  6777 | D:6      | Reached skill level 1 in Ice Magic
  6823 | D:6      | Found a staircase to the Ecumenical Temple.
  6989 | D:6      | Found a sparkling altar of Nemelex Xobeh.
  7007 | D:6      | Reached XP level 9. HP: 53/53 MP: 9/18
  7010 | D:6      | Offered knowledge of Mephitic Cloud by Vehumet.
  7017 | D:6      | Learned a level 3 spell: Mephitic Cloud
  7521 | D:6      | Found Qossodit's Assorted Antiques.
  7527 | D:6      | Reached skill level 7 in Spellcasting
  7946 | D:7      | Reached skill level 8 in Spellcasting
  7986 | D:7      | Found a burning altar of Makhleb.
  8116 | D:7      | Reached *** piety under Vehumet
  8599 | D:7      | Found a basalt altar of Yredelemnul.
  8992 | D:8      | Noticed Joseph
  8995 | D:8      | Reached skill level 5 in Dodging
  9050 | D:7      | Mangled by an ogre

Skill      XL: |  1  2  3  4  5  6  7  8  9 |
---------------+----------------------------+-----
Fire Magic     | 4 5 6 |  6.0
Spellcasting   | 3 4 5 6 8 |  8.0
Conjurations   | 2 3 4 |  4.1
Unarmed Combat | 1 |  1.3
Fighting       | 1 |  1.0
Air Magic      | 2 4 |  4.0
Ice Magic      | 2 4 |  4.0
Dodging        | 5 |  5.3
Stealth        | |  2.6

Action                   |  1- 3 |  4- 6 |  7- 9 || total
-------------------------+-------+-------+-------++-------
Melee: Unarmed           |     8 |    16 |       ||    24
       Constrict         |     1 |     2 |     8 ||    11
       Tentacles         |       |     1 |     2 ||     3
       Quarterstaff      |       |       |    25 ||    25
 Cast: Flame Tongue      |    50 |    92 |   239 ||   381
       Shock             |       |       |    46 ||    46
       Throw Flame       |       |       |    41 ||    41
       Mephitic Cloud    |       |       |     3 ||     3
       Fireball          |       |       |     1 ||     1
  Use: Potion            |       |     3 |     7 ||    10
       Scroll            |       |       |     4 ||     4
 Stab: Sleeping          |       |       |     1 ||     1
  Eat: Chunk             |     3 |     8 |    15 ||    26
Armor: Skin              |     6 |     6 |    53 ||    65
Dodge: Dodged            |    21 |    43 |   100 ||   164
